 Dungeon Crawl Stone Soup version 0.23-a0-516-g0f8c245 (webtiles) character file.

68 theanonym the Skirmisher (level 4, -7/37 HPs)
             Began as a Mummy Enchanter on Dec 5, 2018.
             Mangled by a gnoll
             ... wielding a +0 spear
              (8 damage)
             ... on level 3 of the Dungeon.
             The game lasted 00:03:12 (3252 turns).

theanonym the Skirmisher (Mummy Enchanter)          Turns: 3252, Time: 00:03:13

Health: -7/37      AC:  5    Str: 12    XL:     4   Next: 1%
Magic:  8/8        EV: 10    Int: 14    God:
Gold:   85         SH:  0    Dex: 12    Spells: 7/8 levels left

rFire    x . .     SeeInvis .   a - +1 dagger
rCold    + . .     Gourm    .   (no shield)
rNeg     + + +     Faith    .   e - +0 ring mail
rPois    ∞         Spirit   .   (no helmet)
rElec    .         Reflect  .   (no cloak)
rCorr    .         Harm     .   (no gloves)
MR       .....                  (no boots)
Stlth    +.........             (no amulet)
HPRegen  0.12/turn              (no ring)
MPRegen  0.11/turn              (no ring)

@: no status effects
A: no food or potions, fire vulnerability, cold resistance 1, negative energy
resistance 3, torment resistance, unbreathing
a: no special abilities


Innate Abilities, Weirdness & Mutations

You do not eat or drink.
Your flesh is vulnerable to fire.
You are immune to poison.
Your flesh is cold resistant. (rC+)
You are immune to negative energy. (rN+++)
You are immune to unholy pain and torment.
You can survive without breathing.


   Skills:
 + Level 3.7 Fighting
 - Level 0.7 Short Blades
 - Level 1.5 Dodging
 - Level 2.4 Stealth
 - Level 2.6 Spellcasting
 - Level 2.6 Hexes


You had 7 spell levels left.
You knew the following spells:

 Your Spells              Type           Power        Failure   Level  Hunger
a - Corona                Hex            #......      17%         1    N/A

Your spell library contained the following spells:

 Spells                   Type           Power        Failure   Level  Hunger
 Ensorcelled Hibernation  Hex/Ice        #.....       41%         2    N/A
 Confuse                  Hex            #.......     45%         3    N/A
 Tukima's Dance           Hex            #.......     45%         3    N/A
 Dazzling Spray           Conj/Hex       #.....       65%         3    N/A

Skill      XL: |  1  2  3 |
---------------+----------+-----
Fighting       | 1 2 3 |  3.7
Short Blades   | |  0.7
Dodging        | |  1.5
Stealth        | |  2.4
Spellcasting   | |  2.6
Hexes          | |  2.6

Action                   |  1- 3 |  4- 6 || total
-------------------------+-------+-------++-------
Melee: Dagger            |   199 |    13 ||   212
 Stab: Sleeping          |     3 |       ||     3
Armor: Robe              |    20 |       ||    20
       Ring mail         |    58 |     6 ||    64
Dodge: Dodged            |   108 |     8 ||   116

Inventory:

Hand Weapons
 a - a +1 dagger (weapon)
Missiles
 g - 16 arrows
Armour
 b - a +0 robe
 e - a +0 ring mail (worn)
   (You found it on level 1 of the Dungeon)
Scrolls
 c - 7 scrolls of identify {unknown}
 d - 4 scrolls of teleportation {unknown}
 f - a scroll of fog {unknown}
 h - 3 scrolls of remove curse {unknown}
 i - a scroll of immolation {unknown}


You were on level 3 of the Dungeon.
You were not hungry.

You visited 1 branch of the dungeon, and saw 3 of its levels.

You collected 85 gold pieces.

Dungeon Overview and Level Annotations

Branches:
Dungeon (3/15)

Altars:
Fedhas
Kikubaaqudgha
Makhleb
Yredelemnul

....# ###.###### #..
#......# ##.# ######.#
...# ########.## #..#
.....##>..#####..##
#.................##
#.##.##...#####ggg.#
...g.....## #.@..#####
..##.##..# ###........#
#.##<....# #..........#
##.......####..........#
..###..................#
..###....#######...###.#
......#.## #.......#
..#####.# #####...#####
..# #.# #............


You could see 3 gnolls.

Notes
Turn   | Place    | Note
-------+----------+-------------------------------------------
     0 | D:1      | theanonym the Mummy Enchanter began the quest for the Orb.
     0 | D:1      | Reached XP level 1. HP: 13/13 MP: 4/4
    17 | D:1      | HP: 7/14 [hobgoblin/+0 club (1)]
    20 | D:1      | HP: 3/14 [frilled lizard (3)]
    21 | D:1      | Reached skill level 1 in Fighting
   263 | D:1      | HP: 7/15 [kobold (2)]
   510 | D:1      | Reached XP level 2. HP: 18/22 MP: 5/5
   654 | D:1      | HP: 8/22 [kobold (4)]
   655 | D:1      | Reached skill level 2 in Fighting
  1226 | D:2      | Found a blossoming altar of Fedhas.
  1528 | D:2      | Reached XP level 3. HP: 26/28 MP: 7/7
  1624 | D:2      | HP: 13/28 [adder (2)]
  1629 | D:2      | Reached skill level 3 in Fighting
  1631 | D:2      | HP: 11/29 [goblin (1)]
  1827 | D:2      | Found an ancient bone altar of Kikubaaqudgha.
  1841 | D:2      | Found a basalt altar of Yredelemnul.
  2243 | D:2      | Found a burning altar of Makhleb.
  3056 | D:3      | HP: 14/29 [gnoll/+0 spear (4)]
  3237 | D:3      | Reached XP level 4. HP: 37/37 MP: 8/8
  3251 | D:3      | HP: 18/37 [gnoll/+0 whip (4)]
  3252 | D:3      | HP: 8/37 [gnoll/+0 whip (5)]
  3252 | D:3      | HP: 1/37 [gnoll/+0 flail (7)]
  3252 | D:3      | Mangled by a gnoll

Vanquished Creatures
  A gnoll (D:3)
  An adder (D:2)
  An ooze (D:3)
  A dart slug (D:1)
  A leopard gecko (D:2)
  2 orcs (D:3)
  A ball python (D:2)
  4 giant cockroaches
  4 goblins
  3 hobgoblins
  3 kobolds
  A quokka (D:3)
  6 bats
  7 frilled lizards
  5 rats
41 creatures vanquished.

Table legend:
 A = Turns spent in this place as a percentage of turns spent in the entire game.
 B = Non-inter-level travel turns spent in this place as a percentage of non-inter-level travel turns spent in the entire game.
 C = Inter-level travel turns spent in this place as a percentage of turns spent in this place.
 D = Turns resting spent in this place as a percentage of non-inter-level travel turns spent in this place.
 E = Turns spent auto-exploring this place as a percentage of non-inter-level travel turns spent in this place.
 F = Non-inter-level travel turns spent in this place divided by the number of levels of this place that you've seen.
                   A       B       C       D       E      F
               +-------+-------+-------+-------+-------+----------------------
         Total | 100.0 | 100.0 |   3.6 |  43.3 |  40.9 | 1044.7
       Dungeon | 100.0 | 100.0 |   3.6 |  43.3 |  40.9 | 1044.7
               +-------+-------+-------+-------+-------+----------------------
